 Dungeon Crawl Stone Soup version 0.26-a0-639-g72c4674329 (webtiles) character file.

Game seed: 15612866185889908754

3223 Borgoz the Cleaver (level 9, 0/83 HPs)
             Began as a Hill Orc Berserker on Sept 19, 2020.
             Was an Elder of Trog.
             Slain by an unseen horror (1 damage)
             ... on level 7 of the Dungeon.
             The game lasted 00:09:57 (9427 turns).

Borgoz the Cleaver (Hill Orc Berserker)             Turns: 9427, Time: 00:09:58

Health: 0/83       AC: 10    Str: 20    XL:     9   Next: 98%
Magic:  9/9        EV: 13    Int:  7    God:    Trog [****..]
Gold:   411        SH:  5    Dex: 13    Spells: 8/8 levels left

rFire    . . .     SeeInvis .   a - +1 hand axe
rCold    . . .     Faith    .   (no shield)
rNeg     . . .     Spirit   .   q - +0 scale mail
rPois    .         Reflect  +   (no helmet)
rElec    .         Harm     .   (no cloak)
rCorr    .         Rampage  .   C - +0 pair of gloves
MR       +....                  A - +0 pair of boots
Stlth    ..........             o - amulet of reflection
HPRegen  0.23/turn              j - ring of protection from magic
MPRegen  0.11/turn              (no ring)

@: stab
A: no striking features
a: Berserk, Trog's Hand, Brothers in Arms, Renounce Religion


You were on level 7 of the Dungeon.
You worshipped Trog.
Trog was greatly pleased with you.
You visited 2 branches of the dungeon, and saw 8 of its levels.

You collected 411 gold pieces.

Inventory:

Hand Weapons
 a - a +1 hand axe (weapon)
 b - a +0 dire flail
Armour
 q - a +0 scale mail (worn)
 A - a +0 pair of boots (worn)
 C - a +0 pair of gloves (worn)
Jewellery
 j - a ring of protection from magic (left hand)
 o - an amulet of reflection (around neck)
Wands
 u - a wand of acid (7)
 y - a wand of disintegration (16)
Scrolls
 c - a scroll of immolation {unknown}
 e - 4 scrolls of teleportation {unknown}
 g - 3 scrolls of remove curse
 h - 2 scrolls of amnesia {unknown}
 i - 3 scrolls of noise {unknown}
 k - 2 scrolls of enchant armour {unknown}
 l - a scroll of fog {unknown}
 m - a scroll of blinking {unknown}
 n - 2 scrolls of enchant weapon
 w - a scroll of acquirement {unknown}
Potions
 f - 3 potions of resistance
 p - 3 potions of flight {unknown}
 s - 2 potions of lignification {unknown}
 t - a potion of stabbing
 x - 2 potions of haste {unknown}
 D - a potion of berserk rage {unknown}


   Skills:
 + Level 9.0 Fighting
 + Level 9.8 Axes
 + Level 7.8 Armour
 + Level 5.9 Dodging


You had 8 spell levels left.
You didn't know any spells.
Your spell library was empty.

Dungeon Overview and Level Annotations

Branches:
Dungeon (7/15)             Temple (1/1) D:5

Altars:
Ashenzari
Cheibriados
Dithmenos
Elyvilon
Fedhas
Gozag
Hepliaklqana
Kikubaaqudgha
Makhleb
Nemelex Xobeh
Okawaru
Qazlal
Ru
Sif Muna
Trog
Uskayaw
Vehumet
Wu Jian
Xom
Yredelemnul
Zin
The Shining One


Message History

You hit something but do no damage. Something hits you but does no damage.
You swing at nothing.
You block something's attack.
You closely miss something.
Something hits you but does no damage. x2
You hit something but do no damage. Something hits you!
* * * LOW HITPOINT WARNING * * *
You swing at nothing.
Something barely misses you.
You hit something but do no damage.
Your skin stops crawling.
You feel less resistant to hostile enchantments.
Something hits you!
* * * LOW HITPOINT WARNING * * *
Something hits you.
* * * LOW HITPOINT WARNING * * *
You closely miss something. Something hits you but does no damage.
Something hits you.
* * * LOW HITPOINT WARNING * * *
It was a potion of stabbing.
You feel ready to backstab. Something hits you.
You die...

#################
................#
.................
#####.##.#..#######
...P#..#.##.#P...P#
#+#)#.#..##.#.###.#
#(#.#..#.#..'.#(+.#
###.#.#...#.#[###.#
.).P#.##..#.#.[.@.#
#'###.#.#.#.#######
......#####.....
#.###...##.##..#
.....#..#....#.#
##.##.#.#####..#
.....#.#.)#...##
####..#.##.##.###.#.
###....#..#.........#


There were no monsters in sight!

Vanquished Creatures
  A troll (D:7)
  A soldier ant (D:7)
  3 orc warriors
  A phantom (D:6)
  2 ice beasts (D:7)
  A black bear (D:7)
  5 ogres
  Blork the orc (D:6)
  A big kobold (D:7)
  3 bullfrogs
  A gnoll sergeant (D:6)
  3 scorpions
  3 killer bees (D:7)
  2 howler monkeys
  A centaur zombie (D:4)
  3 bullfrog skeletons
  3 hounds
  A jelly (D:5)
  4 orc priests
  7 orc wizards
  2 iguanas
  3 worker ants
  A killer bee zombie (D:5)
  A hound skeleton (D:3)
  A howler monkey zombie (D:5)
  14 gnolls
  A howler monkey skeleton (D:4)
  7 adders
  3 shadow imps (D:7)
  A white imp (D:7)
  An ufetubus (D:5)
  2 adder zombies (D:6)
  A worm (D:3)
  5 dart slugs
  6 leopard geckos
  27 orcs
  10 bats
  9 goblins
  4 hobgoblins
  3 jackals (D:4)
  4 kobolds
  2 quokkas (D:7)
  2 ball pythons
  8 frilled lizards
  A leopard gecko skeleton (D:4)
  8 rats
  A spectral orc (D:4)
175 creatures vanquished.

Vanquished Creatures (others)
  5 plants
  7 toadstools (D:1)
12 creatures vanquished.

Grand Total: 187 creatures vanquished

Notes
Turn   | Place    | Note
-------+----------+-------------------------------------------
     0 | D:1      | Borgoz the Hill Orc Berserker began the quest for the Orb.
     0 | D:1      | Reached XP level 1. HP: 19/19 MP: 1/1
   299 | D:1      | Reached XP level 2. HP: 24/27 MP: 2/2
   610 | D:1      | Reached XP level 3. HP: 28/33 MP: 3/3
   955 | D:2      | Reached ** piety under Trog
  1295 | D:2      | Found a stormy altar of Qazlal.
  1344 | D:2      | Found an ancient bone altar of Kikubaaqudgha.
  1360 | D:2      | Found a glowing silver altar of Zin.
  1379 | D:2      | Reached XP level 4. HP: 25/40 MP: 4/4
  1581 | D:2      | Found a shattered altar of Ashenzari.
  1861 | D:2      | Found an iron altar of Okawaru.
  1861 | D:2      | Found a shimmering altar of Xom.
  2226 | D:3      | Reached skill level 5 in Axes
  2277 | D:3      | Noticed a bullfrog
  2444 | D:3      | Reached XP level 5. HP: 47/47 MP: 5/5
  2855 | D:4      | Reached *** piety under Trog
  2913 | D:4      | Reached skill level 5 in Fighting
  2913 | D:4      | Reached XP level 6. HP: 45/56 MP: 6/6
  3701 | D:4      | Reached XP level 7. HP: 57/61 MP: 7/7
  3740 | D:4      | Found a basalt altar of Yredelemnul.
  4372 | D:5      | Entered Level 5 of the Dungeon
  4417 | D:5      | Reached skill level 5 in Armour
  4529 | D:5      | Reached XP level 8. HP: 65/71 MP: 8/8
  5195 | D:5      | Found a staircase to the Ecumenical Temple.
  5215 | Temple   | Entered the Ecumenical Temple
  6577 | D:6      | Reached XP level 9. HP: 80/80 MP: 9/9
  6579 | D:6      | Reached **** piety under Trog
  6611 | D:6      | Reached skill level 5 in Dodging
  6973 | D:6      | Noticed Blork the orc
  6998 | D:6      | Killed Blork the orc
  8445 | D:7      | Found a radiant altar of Vehumet.
  8445 | D:7      | Found a sparkling altar of Nemelex Xobeh.
  8467 | D:7      | Found a shadowy altar of Dithmenos.
  8666 | D:7      | Found a burning altar of Makhleb.
  9372 | D:7      | Noticed a troll
  9384 | D:7      | Killed a troll
  9414 | D:7      | HP: 2/83 [something (3)]
  9425 | D:7      | HP: 2/83 [something (3)]
  9427 | D:7      | Slain by an unseen horror

Illustrated notes

Levels and vault maps discovered:
D:1:      nagdon_arrival_double_spiral, layout_loops_ring
D:2:      layout_basic, nicolae_overflow_quartered_altars,
          gammafunk_temple_overflow_elements, serial_bayou_lake_a
D:3:      layout_loops_ring, lightli_corner_chamber
D:4:      cheibrodos_pilgrimage, layout_loops_ring,
          yredelemnul_forgotten_temple_becter
D:5:      layout_basic, minmay_temple_entry_nine_rooms
D:6:      layout_loops_ring, centaur_isle, uniq_blork_the_orc
D:7:      layout_loops_ring, nicolae_dithmenos_the_darkroom,
          makhleb_grotto_becter, grunt_temple_overflow_open,
          minmay_shattered_shrine
Temple:   minmay_temple_curvy_loop

Skill      XL: |  1  2  3  4  5  6  7  8  9 |
---------------+----------------------------+-----
Fighting       | 4 5 6 7 9 |  9.0
Dodging        | 2 3 4 5 |  5.9
Armour         | 3 4 5 6 7 |  7.8
Axes           | 5 6 7 8 9 |  9.8

Action                   |  1- 3 |  4- 6 |  7- 9 || total
-------------------------+-------+-------+-------++-------
Melee: Hand axe          |   105 |   208 |   536 ||   849
Throw: Throwing net      |       |       |     1 ||     1
Invok: Berserk           |     1 |     2 |     5 ||     8
       Trog's Hand       |       |     1 |     2 ||     3
Evoke: Wand              |       |       |     6 ||     6
  Use: Scroll            |       |     2 |     4 ||     6
       Potion            |       |     1 |     5 ||     6
 Stab: Sleeping          |     1 |       |       ||     1
       Held in net/web   |       |       |     1 ||     1
Armor: Animal skin       |    39 |    21 |       ||    60
       Scale mail        |       |    30 |   183 ||   213
Dodge: Dodged            |    75 |   113 |   248 ||   436
Block: Other             |       |    23 |   103 ||   126
       Reflection        |       |       |     5 ||     5

Table legend: (Time is in decaauts)
 A = Elapsed time spent in this place.
 B = Non-inter-level travel time spent in this place.
 C = Inter-level travel time spent in this place.
 D = Time resting spent in this place.
 E = Time spent auto-exploring this place.
 F = Levels seen in this place.
 G = Mean time per level.
                   A        B        C        D        E       F      G
               +--------+--------+--------+--------+--------+-----+--------+
         Total |   9527 |   9256 |    271 |   2052 |   5749 |   8 | 1190.9 |
       Dungeon |   9315 |   9072 |    243 |   2052 |   5566 |   7 | 1330.7 |
        Temple |    211 |    183 |     28 |      0 |    183 |   1 |  211.0 |
               +--------+--------+--------+--------+--------+-----+--------+

Top non-repeatable levels by time:
     D:6: 1875 daAuts
     D:7: 1858 daAuts
     D:4: 1604 daAuts
     D:2: 1177 daAuts
     D:5: 1079 daAuts
     D:1: 947 daAuts
     D:3: 772 daAuts
  Temple: 211 daAuts
